AoeStats
← PenguinKetchup

Highland

506437482Analyzed
4v4 RM · 19d ago on Sep 13, 2026· 49m 41s· 8 players
Game mode
Random Map
Map size
Large (8 player)
Population
200
Speed
Normal
Resources
Standard
Victory
Conquest
Starting age
Dark Age
Ending age
Imperial Age
RankedLock teamsTeams togetherTeam positionsShared explorationLock speedFull tech treeHidden civsTurbo modeCheats
Victory
Defeat
🇺🇸 Portuguese · United States
1192
+14
🇪🇸 Italians · Spain
1167
+15
🇲🇽 Burgundians · Mexico
1155
+16
🇺🇸 Huns · United States
1032
+22
🇨🇳 Franks · China
1197
-19
🇹🇼 Mongols · Taiwan
1170
-17
🇨🇳 Byzantines · China
1146
-16
🇧🇷 Britons · Brazil
1098
-15
Age of Umpires II
3:00 Loom
12:12 Feudal Age
16:37 Castle Age
16:09 Double-Bit Axe
18:47 Wheelbarrow
19:51 Bow Saw
23:48 Stone Mining
23:50 Gold Mining
26:26 Horse Collar
29:37 Redemption
30:22 Sanctity
37:21 Imperial Age
41:28 Chemistry
40:48 Ballistics
40:01 Elite Organ Gun
41:28 Heavy Plow
42:23 Light Cavalry
43:18 Scale Barding Armor
43:23 Forging
47:38 Bloodlines
47:28 Husbandry
48:38 Arquebus
48:59 Conscription
50:08 Chain Barding Armor
50:23 Iron Casting
Tlacaelel.MX
3:43 Loom
10:49 Feudal Age
10:54 Double-Bit Axe
17:57 Wheelbarrow
18:02 Scale Barding Armor
18:50 Forging
19:56 Fletching
20:28 Bow Saw
25:20 Castle Age
23:44 Stone Mining
24:13 Horse Collar
24:44 Fletching
25:07 Gold Mining
25:19 Heavy Plow
25:22 Cavalier
29:37 Hand Cart
31:26 Husbandry
33:07 Chain Barding Armor
32:19 Light Cavalry
36:10 Iron Casting
36:48 Gold Shaft Mining
37:21 Two-Man Saw
37:38 Bodkin Arrow
37:46 Town Watch
41:01 Burgundian Vineyards
41:35 Crop Rotation
42:04 Ballistics
41:56 Fortified Wall
45:20 Caravan
49:20 Imperial Age
47:48 Padded Archer Armor
47:49 Scale Mail Armor
50:23 Conscription
PenguinKetchup
11:50 Feudal Age
15:42 Loom
19:25 Castle Age
18:14 Double-Bit Axe
18:24 Gold Mining
19:34 Forging
19:45 Horse Collar
19:58 Stone Mining
25:14 Bow Saw
26:49 Gold Shaft Mining
27:07 Heavy Plow
27:52 Wheelbarrow
29:33 Husbandry
29:44 Bloodlines
31:27 Hand Cart
33:05 Forging
33:12 Scale Barding Armor
34:46 Iron Casting
34:55 Chain Barding Armor
39:59 Imperial Age
40:14 Elite Tarkan
40:25 Sappers
41:17 Conscription
41:02 Marauders
41:23 Atheism
41:41 Plate Barding Armor
42:07 Blast Furnace
48:24 Caravan
48:54 Coinage
48:35 Guilds
Agapito di Sousa
9:30 Loom
12:06 Feudal Age
12:38 Double-Bit Axe
15:36 Fletching
20:34 Castle Age
19:31 Fishing Lines
20:08 Padded Archer Armor
21:25 Bodkin Arrow
22:05 Medium Warships
22:41 Leather Archer Armor
22:44 Bow Saw
24:11 Wheelbarrow
24:22 Gillnets
31:20 Imperial Age
29:17 Ballistics
30:29 Caravan
31:45 Capped Ram
36:26 Chemistry
35:36 Bracer
36:07 Ring Archer Armor
38:14 Masonry
41:42 Elite Genoese Crossbowman
46:35 Town Watch
48:01 Bombard Tower
48:11 Architecture
Hunter
7:48 Loom
9:58 Feudal Age
10:41 Double-Bit Axe
16:04 Castle Age
13:58 Horse Collar
15:44 Fletching
16:06 Crossbowman
18:28 Bodkin Arrow
20:37 Gold Mining
21:08 Padded Archer Armor
26:02 Leather Archer Armor
32:34 Gold Shaft Mining
33:27 Bow Saw
36:58 Imperial Age
35:33 Ballistics
36:23 Yeomen
37:27 Murder Holes
37:01 Arbalester
37:46 Bracer
39:14 Chemistry
44:14 Ring Archer Armor
46:45 Elite Skirmisher
AB8
3:17 Loom
10:54 Feudal Age
15:43 Castle Age
16:51 Double-Bit Axe
16:48 Horse Collar
17:29 Bloodlines
17:18 Fletching
19:09 Padded Archer Armor
21:35 Bodkin Arrow
22:56 Bow Saw
22:57 Heavy Plow
25:21 Thumb Ring
27:55 Wheelbarrow
30:08 Hand Cart
30:28 Ballistics
31:20 Masonry
34:36 Imperial Age
32:52 Leather Archer Armor
33:35 Gold Mining
33:36 Stone Mining
33:59 Fortified Wall
34:15 Husbandry
35:32 Gold Shaft Mining
35:35 Stone Shaft Mining
35:42 Conscription
35:54 Bracer
36:57 Chemistry
38:20 Siege Engineers
40:19 Elite Mangudai
42:35 Elite Skirmisher
43:44 Parthian Tactics
subaru
8:56 Loom
11:38 Feudal Age
12:40 Double-Bit Axe
18:37 Castle Age
23:10 Bow Saw
27:36 Pikeman
29:02 Forging
29:36 Squires
31:12 Scale Mail Armor
34:16 Iron Casting
monom song
8:33 Loom
10:19 Feudal Age
13:22 Double-Bit Axe
16:10 Castle Age
14:17 Horse Collar
17:14 Bow Saw
27:08 Imperial Age
24:52 Gold Mining
27:00 Scale Barding Armor
29:40 Stone Mining
33:00 Wheelbarrow
33:35 Two-Man Saw
32:39 Husbandry
32:56 Forging
33:41 Stone Shaft Mining
34:47 Chain Barding Armor
35:14 Gold Shaft Mining
37:11 Heavy Camel Rider
40:04 Iron Casting
41:43 Chemistry
44:30 Fletching
44:24 Cavalier
45:17 Bodkin Arrow
46:52 Bracer
47:33 Conscription
Connection lost

Rejoining the realm…

Still unreachable

The connection could not be restored.

Session expired

The server has moved on; the page needs a fresh start.